 Dungeon Crawl Stone Soup version 0.28.0-53-g5a82cb258f (console) character file.

Game seed: 11785448012920597370

29 erker the Ducker (level 3, -1/30 HPs)
             Began as a Minotaur Gladiator on June 24, 2022.
             Slain by a goblin
             ... wielding a +0 club
             ... led by Robin
              (4 damage)
             ... on level 2 of the Dungeon.
             The game lasted 00:01:16 (1021 turns).

erker the Ducker (Minotaur Gladiator)               Turns: 1021, Time: 00:01:16

Health: -1/30      AC:  3    Str: 20    XL:     3   Next: 1%
Magic:  2/2        EV: 13    Int:  5    God:
Gold:   53         SH:  0    Dex: 11    Spells: 2/2 levels left

rFire   . . .      SeeInvis +   a - +0 long sword
rCold   . . .      Faith    .   (no shield)
rNeg    . . .      Spirit   .   b - +0 leather armour
rPois   .          Reflect  .   c - +0 hat
rElec   .          Harm     .   (no cloak)
rCorr   .          Rampage  .   (no gloves)
Will    .....                   (no boots)
Stlth   +.........              (no amulet)
HPRegen 0.10/turn               i - ring of see invisible
MPRegen 0.08/turn               (no ring)

@: no status effects
A: horns 2, retaliatory headbutt
a: no special abilities


You were on level 2 of the Dungeon.
You visited 1 branch of the dungeon, and saw 2 of its levels.

You collected 53 gold pieces.

Inventory:

Hand Weapons
 a - a +0 long sword (weapon)
Missiles
 d - 3 throwing nets (quivered)
Armour
 b - a +0 leather armour (worn)
 c - a +0 hat (worn)
Jewellery
 i - a ring of see invisible (left hand)
Scrolls
 e - 2 scrolls of identify {unknown}
 g - a scroll of teleportation {unknown}
Potions
 f - a potion of haste {unknown}
 h - 2 potions of invisibility {unknown}


   Skills:
 - Level 2.4 Fighting
 - Level 3.6 Long Blades
 - Level 2.0 Throwing
 + Level 4.6 Dodging


You had 2 spell levels left.
You didn't know any spells.
Your spell library was empty.

Dungeon Overview and Level Annotations

Branches:
Dungeon (2/15)

Altars:

Annotations:
D:2 Robin


Innate Abilities, Weirdness & Mutations

You have a pair of horns on your head.
You reflexively headbutt those who attack you in melee.


Message History

You kill the goblin!
The goblin unwields a +0 club.
The goblin wields a +0 hunting sling.
The goblin shoots a stone.
The stone hits you but does no damage.
You slash the goblin!
You kill the goblin!
The goblin no longer looks unusually strong.
Robin roars a battlecry!
The goblin goes into a battle-frenzy!
The goblin shoots a stone.
The stone barely misses you.
You hear an angry hiss.
You have reached level 3!
Your experience leads to an increase in your attributes!
Increase (S)trength, (I)ntelligence, or (D)exterity?
You feel stronger. x2
The goblin shoots a stone.
The stone barely misses you.
Things that are here:
a +0 club; a goblin corpse Robin throws the goblin at you!
The goblin hits you with a +0 dagger.
* * * LOW HITPOINT WARNING * * *
The goblin shoots a stone.
The stone hits you.
* * * LOW HITPOINT WARNING * * *
You see here a +0 dagger.
You miss the goblin.
The goblin no longer looks unusually strong.
Robin throws the goblin at you!
* * * LOW HITPOINT WARNING * * *
The goblin hits you but does no damage. x2
You completely miss the goblin.
The goblin no longer looks unusually strong.
The goblin barely misses you. You furiously retaliate!
You headbutt the goblin.
You kill the goblin!
Robin points. "Kill!"
Robin throws the goblin at you! The goblin barely misses you.
The goblin closely misses you. You furiously retaliate!
You headbutt the goblin, but do no damage.
A goblin comes into view. It is wielding a +0 dagger.
Robin roars a battlecry!
The goblins go into a battle-frenzy!
The goblin hits you with a +0 club.
You die...

#.# #.#.# #.#.#
#.#.# #.#.# #.#.#
#######.#.#
#.......#.########.#
#.#####...g@ggg.g..#
#.#####†#.#######gg#
#.....).#...$.#
#.####..#####.#
#.......# #####...#
#########...#
#......##...#
.#......##...#


You could see Robin, a hobgoblin (strong) and 5 goblins.

Vanquished Creatures
  3 endoplasms (D:1)
  2 giant cockroaches
  4 goblins
  3 hobgoblins
  2 quokkas (D:2)
  3 ball pythons (D:1)
  2 bats
  5 frilled lizards (D:1)
  2 kobolds
  3 rats
29 creatures vanquished.

Vanquished Creatures (others)
  A goblin (D:2)
1 creature vanquished.

Grand Total: 30 creatures vanquished

Notes
Turn   | Place    | Note
-------+----------+-------------------------------------------
     0 | D:1      | erker the Minotaur Gladiator began the quest for the Orb.
     0 | D:1      | Reached XP level 1. HP: 18/18 MP: 0/0
   429 | D:1      | Reached XP level 2. HP: 25/25 MP: 1/1
   441 | D:1      | Reached skill level 4 in Dodging
  1006 | D:2      | Noticed Robin
  1018 | D:2      | Reached XP level 3. HP: 9/30 MP: 2/2
  1021 | D:2      | Slain by a goblin

Illustrated notes

Levels and vault maps discovered:
D:1:      onia_arrival_pyramid, layout_rooms, minmay_misc_feat_square
D:2:      layout_basic, minmay_tetromino_s4, uniq_robin

Skill      XL: |  1  2 |
---------------+-------+-----
Dodging        | 4 |  4.6
Fighting       | |  2.4
Long Blades    | |  3.6
Throwing       | |  2.0

Action                   || total
-------------------------++-------
Melee: Long sword        ||    51
       Headbutt          ||     5
       Punch             ||     1
Armor: Leather armour    ||    22
Dodge: Dodged            ||    49
